 Dungeon Crawl Stone Soup version 0.28.0-1-gb440e238dd (webtiles) character file.

Game seed: 6628721132823156463

148 Ablot the Grasshopper (level 5, -1/43 HPs)
             Began as a Gnoll Warper on Feb 20, 2022.
             Was an Initiate of Elyvilon.
             Slain by a killer bee (6 damage)
             ... on level 4 of the Dungeon.
             The game lasted 00:04:24 (3353 turns).

Ablot the Grasshopper (Gnoll Warper)                Turns: 3353, Time: 00:04:24

Health: -1/43      AC: 17    Str: 10    XL:     5   Next: 30%
Magic:  12/12      EV:  9    Int: 12    God:    Elyvilon [......]
Gold:   175        SH:  0    Dex: 12    Spells: 12/14 levels left

rFire   . . .      SeeInvis .   a - +0 spear
rCold   . . .      Faith    .   (no shield)
rNeg    . . .      Spirit   .   s - +4 scale mail of Ysotacut {Will++}
rPois   .          Reflect  +   (no helmet)
rElec   .          Harm     .   (no cloak)
rCorr   +          Rampage  .   j - +0 pair of gloves
Will    ++...                   f - +2 pair of boots
Stlth   ..........              i - amulet of reflection
HPRegen 0.14/turn               e - ring of resist corrosion
MPRegen 0.13/turn               (no ring)

@: confused, lethally poisoned (-1 -> -13), ambrosia-drunk
A: fangs 1, strong nose, distributed training, iridescent scales 1, weak 1,
devolution 1
a: Renounce Religion


You were on level 4 of the Dungeon.
You worshipped Elyvilon.
Elyvilon was noncommittal.
You visited 1 branch of the dungeon, and saw 4 of its levels.

You collected 175 gold pieces.

Inventory:

Hand Weapons
 a - a +0 spear (weapon)
Missiles
 d - 5 boomerangs of dispersal (quivered)
 g - 91 stones
 m - 39 sling bullets
 p - 21 bolts
Armour
 b - a +0 leather armour
 f - a +2 pair of boots (worn)
 j - a +0 pair of gloves (worn)
 s - the +4 scale mail of Ysotacut (worn) {Will++}
   (You found it on level 4 of the Dungeon)

   Will:      It greatly increases your willpower.
Magical Staves
 t - a staff of fire
Jewellery
 e - a ring of resist corrosion (left hand)
 i - an amulet of reflection (around neck)
Scrolls
 c - a scroll of blinking
 h - 2 scrolls of teleportation {unknown}
 k - a scroll of identify {unknown}
 l - a scroll of enchant armour {unknown}
Potions
 o - a potion of cancellation
 r - a potion of curing {unknown}
 u - a potion of invisibility {unknown}


   Skills:
 + Level 4.7 Fighting
 + Level 1.4 Short Blades
 + Level 1.4 Long Blades
 + Level 1.4 Axes
 + Level 1.4 Maces & Flails
 + Level 4.7 Polearms
 + Level 1.4 Staves
 + Level 1.4 Slings
 + Level 1.4 Bows
 + Level 1.4 Crossbows
 + Level 2.9 Throwing
 + Level 2.9 Armour
 + Level 4.7 Dodging
 + Level 1.4 Stealth
 + Level 1.4 Shields
 + Level 1.4 Unarmed Combat
 + Level 5.2 Spellcasting
 + Level 1.1 Conjurations
 + Level 1.1 Hexes
 + Level 1.1 Summonings
 + Level 1.1 Necromancy
 + Level 5.5 Translocations
 + Level 1.1 Transmutations
 + Level 1.1 Fire Magic
 + Level 1.1 Ice Magic
 + Level 1.1 Air Magic
 + Level 1.1 Earth Magic
 + Level 1.1 Poison Magic
 + Level 1.6 Invocations
 + Level 1.4 Evocations


You had 12 spell levels left.
You knew the following spells:

 Your Spells              Type           Power      Damage    Failure   Level
a - Blink                 Tloc           32%        N/A       19%         2

Your spell library contained the following spells:

 Spells                   Type           Power      Damage    Failure   Level
 Gell's Gravitas          Tloc           16%        N/A       36%         3
 Lesser Beckoning         Tloc           16%        N/A       36%         3
 Teleport Other           Tloc           16%        N/A       36%         3
 Manifold Assault         Tloc           16%        N/A       98%         5


Dungeon Overview and Level Annotations

Branches:
Dungeon (4/15)
 Temple: D:4-7

Altars:
Elyvilon
Fedhas


Innate Abilities, Weirdness & Mutations

You have very sharp teeth.
Your uncanny sense of smell can sniff out nearby items.
Your experience applies equally to all skills.
You are partially covered in iridescent scales. (AC +2)
You are weak. (Str -2)
You have hidden genetic defects.


Message History

You feel stable enough to blink again. The killer bee stings you.
* * * LOW HITPOINT WARNING * * *
You are poisoned.
The killer bee poisons you!
It was a potion of cancellation.
You feel magically purged.
* * * LOW HITPOINT WARNING * * *
You feel sick. The killer bee stings you! Elyvilon protects you from harm!
The killer bee misses you.
Unknown command.
Okay, then.
It was a potion of mutation.
You feel extremely strange.
You feel weaker.
You feel a hidden malignance growing inside you.
Iridescent scales grow over part of your body.
* * * LOW HITPOINT WARNING * * *
You feel sick.
The killer bee stings you but does no damage.
The killer bee misses you.
It was a potion of ambrosia.
You are confused.
You feel invigorated.
You feel sick.
The killer bee stings you but does no damage. x2
Unknown command.
You feel sick. The killer bee completely misses you. The killer bee stings you.
* * * LOW HITPOINT WARNING * * *
You are lethally poisoned!
The killer bee poisons you!
* * * LOW HITPOINT WARNING * * *
You feel sick. The killer bee stings you.
* * * LOW HITPOINT WARNING * * *
You are more poisoned.
The killer bee poisons you!
You miss the killer bee.
* * * LOW HITPOINT WARNING * * *
You feel very sick.
The killer bee stings you but does no damage.
The killer bee stings you.
You die...

∆ ####### ##### #......
###...## #.#...#
#......#####......
##@#....#..........
#(#####.y.......###...^..
∆ #...†...w.......#
#.#...#
#.....####.........#
#.[...[ #.K.. ##.#....###
####### .... ........#
#.. .##........ #. ..
...#.###.# # # ##.#.# .#


You could see a worm and a killer bee.

Vanquished Creatures
  2 killer bees (D:4)
  An adder (D:2)
  A worm (D:3)
  2 endoplasms (D:1)
  9 goblins
  5 hobgoblins
  3 jackals (D:1)
  3 kobolds
  A quokka (D:3)
  5 ball pythons (D:1)
  5 bats
  4 frilled lizards
  6 rats
47 creatures vanquished.

Notes
Turn   | Place    | Note
-------+----------+-------------------------------------------
     0 | D:1      | Ablot the Gnoll Warper began the quest for the Orb.
     0 | D:1      | Reached XP level 1. HP: 20/20 MP: 6/6
    67 | D:1      | Found a faded altar of an unknown god.
   408 | D:1      | Reached XP level 2. HP: 26/26 MP: 7/7
   411 | D:1      | Learned a level 2 spell: Blink
  1185 | D:2      | Reached XP level 3. HP: 31/31 MP: 9/9
  1275 | D:2      | Reached skill level 5 in Spellcasting
  1547 | D:2      | Reached skill level 1 in Invocations
  2664 | D:3      | Reached skill level 1 in Short Blades
  2664 | D:3      | Reached skill level 1 in Long Blades
  2664 | D:3      | Reached skill level 1 in Axes
  2664 | D:3      | Reached skill level 1 in Maces & Flails
  2664 | D:3      | Reached skill level 1 in Staves
  2664 | D:3      | Reached skill level 1 in Slings
  2664 | D:3      | Reached skill level 1 in Bows
  2664 | D:3      | Reached skill level 1 in Crossbows
  2664 | D:3      | Reached skill level 1 in Stealth
  2664 | D:3      | Reached skill level 1 in Shields
  2664 | D:3      | Reached skill level 1 in Unarmed Combat
  2664 | D:3      | Reached skill level 1 in Evocations
  2876 | D:3      | Found a blossoming altar of Fedhas.
  2886 | D:3      | Found a white marble altar of Elyvilon.
  3093 | D:3      | Became a worshipper of Elyvilon the Healer
  3154 | D:4      | Identified the +4 scale mail of Ysotacut {Will++}
  3261 | D:4      | Reached XP level 4. HP: 38/38 MP: 11/11
  3326 | D:4      | Reached skill level 1 in Conjurations
  3326 | D:4      | Reached skill level 1 in Hexes
  3326 | D:4      | Reached skill level 1 in Summonings
  3326 | D:4      | Reached skill level 1 in Necromancy
  3326 | D:4      | Reached skill level 1 in Transmutations
  3326 | D:4      | Reached skill level 1 in Fire Magic
  3326 | D:4      | Reached skill level 1 in Ice Magic
  3326 | D:4      | Reached skill level 1 in Air Magic
  3326 | D:4      | Reached skill level 1 in Earth Magic
  3326 | D:4      | Reached skill level 1 in Poison Magic
  3344 | D:4      | Reached XP level 5. HP: 9/43 MP: 12/12
  3348 | D:4      | Elyvilon protects you from harm!
  3349 | D:4      | Gained mutation: You are weak. (Str -2) [potion of
                  | mutation]
  3349 | D:4      | Gained mutation: You have hidden genetic defects. [potion
                  | of mutation]
  3349 | D:4      | Gained mutation: You are partially covered in iridescent
                  | scales. (AC +2) [potion of mutation]
  3353 | D:4      | Slain by a killer bee

Illustrated notes

Levels and vault maps discovered:
D:1:      lightli_arrival_statue_moat, layout_loops_ring,
          shapermc_ecumenical_altar_notcrosses
D:2:      layout_basic, serial_corexii_hall, corexii_hall_statues_l,
          corexii_hall_statues_u, chequers_hall_statues_corner_a,
          corexii_hall_statues_t, minmay_pentomino_q4
D:3:      layout_loops_ring, mainiacjoe_overflow_big_doors, dk_noncrumbling_2
D:4:      layout_loops_cross, mainiacjoe_overflow_alcove_1, lightli_minifort

Skill      XL: |  1  2  3  4 |
---------------+-------------+-----
Spellcasting   | 5 |  5.2
Invocations    | 1 |  1.6
Short Blades   | 1 |  1.4
Long Blades    | 1 |  1.4
Axes           | 1 |  1.4
Maces & Flails | 1 |  1.4
Staves         | 1 |  1.4
Slings         | 1 |  1.4
Bows           | 1 |  1.4
Crossbows      | 1 |  1.4
Stealth        | 1 |  1.4
Shields        | 1 |  1.4
Unarmed Combat | 1 |  1.4
Evocations     | 1 |  1.4
Conjurations   | 1 |  1.1
Hexes          | 1 |  1.1
Summonings     | 1 |  1.1
Necromancy     | 1 |  1.1
Transmutations | 1 |  1.1
Fire Magic     | 1 |  1.1
Ice Magic      | 1 |  1.1
Air Magic      | 1 |  1.1
Earth Magic    | 1 |  1.1
Poison Magic   | 1 |  1.1
Fighting       | |  4.7
Polearms       | |  4.7
Throwing       | |  2.9
Armour         | |  2.9
Dodging        | |  4.7
Translocations | |  5.5

Action                   |  1- 3 |  4- 6 || total
-------------------------+-------+-------++-------
Melee: Spear             |   185 |    48 ||   233
       Bite              |     7 |     3 ||    10
       Punch             |       |     1 ||     1
 Cast: Blink             |       |     1 ||     1
  Use: Potion            |       |     3 ||     3
 Stab: Sleeping          |     1 |       ||     1
Armor: Leather armour    |    44 |       ||    44
       Scale mail        |       |    34 ||    34
Dodge: Dodged            |    71 |    32 ||   103
Block: Other             |    16 |    12 ||    28
